 Dungeon Sprint DCSS version 0.27-a0-808-g60bc5d92e6 (webtiles) character file.

Game seed: 2886423928180701696

114 mhtbhm the Covered (level 4, -4/67 HPs)
             Began as a Minotaur Fighter on Mar 28, 2021.
             Was an Initiate of Trog.
             Succumbed to a hornet's poison
             ... in the Dungeon (Sprint IX: "|||||||||||||||||||||||||||||").
             The game lasted 00:00:49 (199 turns).

mhtbhm the Covered (Minotaur Fighter)                Turns: 199, Time: 00:00:50

Health: -4/67      AC: 12    Str: 21    XL:     4   Next: 66%
Magic:  3/3        EV:  6    Int:  8    God:    Trog [......]
Gold:   0          SH: 11    Dex: 13    Spells: 3/3 levels left

rFire    . . .     SeeInvis .   a - +0 trident
rCold    . . .     Faith    .   c - +0 kite shield
rNeg     . . .     Spirit   .   b - +1 chain mail
rPois    .         Reflect  .   (helmet restricted)
rElec    .         Harm     .   m - +0 cloak
rCorr    .         Rampage  .   (no gloves)
Will     .....     NoTele   +   (no boots)
Stlth    ..........             (no amulet)
HPRegen  0.21/turn              n - +3 ring of intelligence
MPRegen  0.08/turn              o - +3 ring of dexterity

@: berserking, lethally poisoned (-4 -> -40), slowed
A: horns 2, retaliatory headbutt
a: Renounce Religion


You were in the Dungeon.
You worshipped Trog.
Trog was noncommittal.
You visited 1 branch

Inventory:

Hand Weapons
 a - a +0 trident (weapon)
Armour
 b - a +1 chain mail (worn)
 c - a +0 kite shield (worn)
 m - a +0 cloak (worn)
Jewellery
 n - a +3 ring of intelligence (left hand)
 o - a +3 ring of dexterity (right hand)
Wands
 l - a wand of iceblast (10)
Scrolls
 j - 2 scrolls of blinking
Potions
 d - a potion of might
 e - a potion of invisibility
 f - 3 potions of heal wounds
 g - a potion of haste
 h - 4 potions of magic
 k - 4 potions of curing


   Skills:
 + Level 6.7 Fighting
 + Level 5.0 Polearms
 + Level 7.0 Armour
 + Level 7.0 Shields


You had 3 spell levels left.
You didn't know any spells.
Your spell library was empty.

Dungeon Overview and Level Annotations

Branches:
Dungeon (1/1)

Altars:
Cheibriados
Dithmenos
Elyvilon
Fedhas
Gozag
Hepliaklqana
Kikubaaqudgha
Makhleb
Nemelex Xobeh
Okawaru
Qazlal
Ru
Sif Muna
Trog
Uskayaw
Vehumet
Wu Jian
Xom
Yredelemnul
Zin
The Shining One
Beogh
Jiyva
Lugonu


Innate Abilities, Weirdness & Mutations

You have a pair of horns on your head.
You reflexively headbutt those who attack you in melee.


Message History

Unknown command.
You barely miss the orc wizard. You headbutt the orc wizard.
You kill the orc wizard!
Trog accepts your kill.
Trog appreciates your killing of a magic user.
Your Polearms skill increases to level 5!
Your Armour skill increases to level 7!
Your Shields skill increases to level 7!
A red film seems to cover your vision as you go berserk!
You feel yourself moving faster!
You feel mighty! The hornet stings you!
You are poisoned.
You feel yourself slow down. You block the hornet's attack.
You block the orc warrior's attack.
You hit the hornet.
The hornet is lightly wounded.
You feel yourself speed up.
You feel very sick. You block the hornet's attack.
The orc warrior hits you from afar with a +2 trident of venom!
You are more poisoned.
You puncture the hornet!
The hornet is moderately wounded.
You feel very sick.
The hornet stings you but does no damage.
The hornet stings you!
* * * LOW HITPOINT WARNING * * *
You are more poisoned.
You feel yourself slow down. You block the orc warrior's attack.
You hit the hornet. Your headbutt misses the hornet.
The hornet is heavily wounded.
You feel yourself speed up.
* * * LOW HITPOINT WARNING * * *
You feel extremely sick. You block the hornet's attack.
You block the orc warrior's attack. The hornet stings you!
* * * LOW HITPOINT WARNING * * *
You are more poisoned.
You feel yourself slow down.
Unknown command.
You die...

▓.▓
▓.▓
▓o▓
▓{▓
▓y▓
▓o▓
▓y▓
▓.▓
▓@▓
▓.▓
▓[▓
▓[▓
▓.▓
▓)▓
▓?▓
▓.▓
▓'▓


You could see a hornet, 2 orc warriors and a vampire mosquito.

Vanquished Creatures
  A scorpion (D)
  An iguana (D)
  An orc wizard (D)
  An adder (D)
  An orc (D)
  A ball python (D)
  An endoplasm (D)
  A goblin (D)
  A hobgoblin (D)
  A frilled lizard (D)
  A giant cockroach zombie (D)
11 creatures vanquished.

Notes
Turn   | Place    | Note
-------+----------+-------------------------------------------
     0 | D        | mhtbhm the Minotaur Fighter began the quest for the Orb.
     0 | D        | Reached XP level 1. HP: 19/19 MP: 0/0
    30 | D        | Noticed an iguana
    30 | D        | Noticed a scorpion
    38 | D        | Killed a scorpion
    39 | D        | Reached skill level 5 in Fighting
    39 | D        | Reached skill level 5 in Armour
    39 | D        | Reached skill level 5 in Shields
    39 | D        | Reached XP level 2. HP: 19/30 MP: 1/1
    39 | D        | Reached XP level 3. HP: 23/37 MP: 2/2
    46 | D        | Reached XP level 4. HP: 23/45 MP: 3/3
    55 | D        | Found a snail-covered altar of Cheibriados.
    55 | D        | Found a shadowy altar of Dithmenos.
    55 | D        | Found a white marble altar of Elyvilon.
    55 | D        | Found a blossoming altar of Fedhas.
    55 | D        | Found an opulent altar of Gozag.
    56 | D        | Found a hazy altar of Hepliaklqana.
    57 | D        | Found a viscous altar of Jiyva.
    58 | D        | Found an ancient bone altar of Kikubaaqudgha.
    59 | D        | Found a corrupted altar of Lugonu.
    60 | D        | Found a burning altar of Makhleb.
    61 | D        | Found a sparkling altar of Nemelex Xobeh.
    62 | D        | Found an iron altar of Okawaru.
    63 | D        | Found a stormy altar of Qazlal.
    64 | D        | Found a sacrificial altar of Ru.
    65 | D        | Found a shimmering blue altar of Sif Muna.
    66 | D        | Found a bloodstained altar of Trog.
    67 | D        | Found a hide-covered altar of Uskayaw.
    68 | D        | Found a radiant altar of Vehumet.
    69 | D        | Found an ornate altar of the Wu Jian Council.
    70 | D        | Found a shimmering altar of Xom.
    71 | D        | Found a basalt altar of Yredelemnul.
    72 | D        | Found a glowing silver altar of Zin.
    73 | D        | Found a glowing golden altar of the Shining One.
    78 | D        | Became a worshipper of Trog the Wrathful
   189 | D        | Noticed an orc warrior
   189 | D        | Noticed a shadow
   189 | D        | Noticed a vampire mosquito
   189 | D        | Noticed an orc warrior
   189 | D        | Noticed a hornet
   195 | D        | Reached skill level 5 in Polearms
   198 | D        | HP: 3/67 [hornet (7)]
   199 | D        | Succumbed to a hornet's poison

Illustrated notes

Levels and vault maps discovered:
D:        linesprint [early_d, line_temple, items_1, d_10, items_2, lair_1,
          lair_end, items_3, orc_1, orc_end, items_4, d_15, swamp_1, shoals_1,
          snake_1, spider_1, d_20, vaults_1, items_5, swamp_end, shoals_end,
          snake_end, spider_end, vaults_end, d_27, items_6, zot_1, zot_end,
          crypt_end, forest_end, elf_end, slime_end, tomb_end, abyss_end,
          pan_hell_end]

Skill      XL: |  1  2  3  4 |
---------------+-------------+-----
Fighting       | 5 6 |  6.7
Armour         | 5 6 7 |  7.0
Shields        | 5 6 7 |  7.0
Polearms       | 4 5 |  5.0

Action                   |  1- 3 |  4- 6 || total
-------------------------+-------+-------++-------
Melee: Trident           |    25 |    11 ||    36
       Headbutt          |     5 |     2 ||     7
  Use: Potion            |     1 |     1 ||     2
Armor: Scale mail        |     6 |       ||     6
       Chain mail        |       |     1 ||     1
Dodge: Dodged            |     3 |     1 ||     4
Block: Kite shield       |    12 |     9 ||    21

Table legend: (Time is in decaauts)
 A = Elapsed time spent in this place.
 B = Non-inter-level travel time spent in this place.
 C = Inter-level travel time spent in this place.
 D = Time resting spent in this place.
 E = Time spent auto-exploring this place.
 F = Levels seen in this place.
 G = Mean time per level.
                   A        B        C        D        E       F      G
               +--------+--------+--------+--------+--------+-----+--------+
         Total |    208 |    208 |      0 |     71 |      3 |   1 |  208.0 |
       Dungeon |    208 |    208 |      0 |     71 |      3 |   1 |  208.0 |
               +--------+--------+--------+--------+--------+-----+--------+

Top non-repeatable levels by time:
       D: 208 daAuts
